 Dungeon Crawl Stone Soup version 0.32-a0-20-ge526923d97 (webtiles) character file.

Game seed: 18363411768135587944

22518 Implojin the Cleaver (level 12, -4/156 HPs)
             Began as a Demigod Wanderer on Jan 17, 2024.
             Succumbed to a redback's poison
             ... in a Gauntlet on Jan 18, 2024.
             The game lasted 00:46:17 (13602 turns).

Implojin the Cleaver (Demigod Wanderer)            Turns: 13602, Time: 00:46:18

Health: -4/156     AC: 24    Str: 22    XL:     12   Next: 32%
Magic:  21/25      EV:  5    Int: 16    God:
Gold:   81         SH: 15    Dex: 18    Spells: 12/13 levels left

rFire   . . .        O - +8 mithril axe "Arga" {speed, Will+}
rCold   . . .        v - +0 kite shield
rNeg    + . .        P - +0 crystal plate armour
rPois   .            (no helmet)
rElec   .            (no cloak)
rCorr   .            n - +2 pair of gloves
SInv    .            z - +2 pair of boots
Will    ++...        F - amulet of reflection Stlth
                     j - ring of positive energy
HPRegen 0.46/turn    c - ring of magical power
MPRegen 0.19/turn

%: no teleportation, random rage (3%), reflection
@: berserking (expiring), lethally poisoned (-4 -> -46), very quick
A: high MP 1, forlorn, divine attributes, berserk 1
a: no special abilities


You were in a Gauntlet.
You visited 1 branch of the dungeon, and saw 11 of its levels.
You also visited: Bailey and Gauntlet.

You collected 985 gold pieces.
You spent 904 gold pieces at shops.

Inventory:

Hand Weapons
 I - a +5 spectral flail
 J - a +0 heavy morningstar
 O - the +8 mithril axe "Arga" (weapon) {speed, Will+}
   (You bought it in a shop on level 4 of the Dungeon)

   Will+:     It increases your willpower.
Missiles
 g - 9 boomerangs
 y - a throwing net
 G - 4 darts of dispersal
 Q - 5 poisoned darts (quivered)
Armour
 d - a +0 buckler of protection
 m - a +2 ring mail of cold resistance
 n - a +2 pair of gloves (worn)
 o - a +0 plate armour
 v - a +0 kite shield (worn)
 z - a +2 pair of boots (worn)
 A - a +0 chain mail
 B - +0 swamp dragon scales
 H - +0 steam dragon scales
 P - a +0 crystal plate armour (worn)
Magical Staves
 f - a staff of fire
Jewellery
 c - a ring of magical power (right hand)
 j - a ring of positive energy (left hand)
 p - a ring of magical power
 t - a ring of fire
 F - an amulet of reflection (around neck)
 K - a ring of fire
Talismans
 b - a flux talisman
Wands
 l - a wand of digging (5)
 w - a wand of flame (16)
 R - a wand of paralysis (2)
Scrolls
 a - a scroll of identify
 k - 3 scrolls of summoning
 q - a scroll of fog
 C - 5 scrolls of enchant armour
 D - 2 scrolls of blinking
 S - a scroll of fear
Potions
 e - 2 potions of curing
 h - a potion of invisibility
 i - a potion of might
 r - 2 potions of mutation
 u - 2 potions of brilliance
 E - 5 potions of resistance
 L - a potion of haste
 N - a potion of heal wounds {unknown}


   Skills:
 - Level 9.1 Fighting
 - Level 2.6 Short Blades
 * Level 9.9(11.1) Axes
 - Level 8.0(10.2) Maces & Flails
 - Level 3.0 Throwing
 - Level 6.0 Armour
 - Level 6.0 Dodging
 - Level 4.0 Stealth
 - Level 4.5 Shields
 - Level 1.0 Spellcasting
 - Level 1.0 Ice Magic
 - Level 4.0 Evocations


You had 12 spell levels left.
You knew the following spells:

 Your Spells              Type           Power      Damage    Failure   Level
a - Freeze                Ice            16%        1d4       100%        1

Your spell library contained the following spells:

 Spells                   Type           Power      Damage    Failure   Level
 Apportation              Tloc           0%         N/A       100%        1
 Necrotise                Necr           0%         1d4       100%        1
 Sting                    Conj/Alch      0%         1d3       100%        1
 Summon Small Mammal      Summ           0%         N/A       100%        1
 Call Canine Familiar     Summ           0%         N/A       100%        3
 Hailstorm                Conj/Ice       2%         3d5       100%        3
 Sigil of Binding         Hex            0%         N/A       100%        3
 Vampiric Draining        Necr           0%         2d6       100%        3
 Volatile Blastmotes      Fire/Tloc      0%         2d10      100%        3
 Dimensional Bullseye     Hex/Tloc       0%         N/A       100%        4
 Fulminant Prism          Conj/Alch      0%         3d5       100%        4
 Iskenderun's Mystic Bla  Conj/Tloc      0%         2d3       100%        4
 Martyr's Knell           Necr/Summ      0%         N/A       100%        4
 Curse of Agony           Necr           0%         N/A       100%        5


Dungeon Overview and Level Annotations

Branches:
Dungeon (11/15)            Temple (0/1) D:4            Lair (0/5) D:10
 Bailey (visited)         Gauntlet (1/1)
    Orc: D:9-12

Shops:
D:4 (?((

Annotations:
D:6 2 transporters, zenocrate's ghost, novice VSEn
D:7 Jeremiah
D:8 exclusion: deep elf pyromancer
D:9 Psyche Gauntlet 5 transporters


Innate Abilities, Weirdness & Mutations

You have an increased reservoir of magic. (+10% MP)
You shall have no god before yourself.
Your divine heritage dramatically boosts your attributes as you level up.
You sometimes lose your temper in combat.


Message History

Danger: Low HP Warning |T2| Reason: 43% HP (68/156)
You slice the redback!!
The redback is almost dead.
You slash the moth of wrath!
You feel very sick. The redback bites you!!
You are lethally poisoned!
The redback poisons you! You block the moth of wrath's attack.
You block the redback's attack.
Danger: Low HP Warning |T3| Reason: 26% HP (42/156)
Enter note: :asdfgg
Enter note: :rip Unknown command.
Unknown command.
Enter note: :i dont think that walking away to try to drop zerk earlier helps here
Enter note: :oh well You are too berserk!
You are too berserk!
You are too berserk!
You are too berserk!
You slice the redback!!
You kill the redback!
You slash the moth of wrath!
You kill the moth of wrath!
You feel extremely sick.
Danger: Low HP Warning |T3| Reason: 19% HP (31/156)
You float gracefully downwards.
You feel extremely sick.
Danger: Low HP Warning |T3| Reason: 12% HP (20/156) Really walk into that dispersal trap?
You enter a dispersal trap!
The redback blinks! x2; You blink.
You feel a strong urge to attack something.
You feel extremely sick.
Unknown command.
You feel extremely sick.
Unknown command.
Enter note: F You swing at nothing.
You feel your anger nearly subside.
Your enlightenment fades.
You die...

##≈.##.#.#.##.≈##
##.#.#.#.#.#.##
##≈.##.#©#.##.≈##
#≈≈.#########.≈≈#
##≈....#©..8#.≈##
##..8.#...©#.##
##≈....#©..8#.≈##
#≈≈.#########.≈≈#
##≈.#.....@.#.≈##
##.#.#..##.#.##
##≈.#..†§##.#.≈##
#≈≈.#.###.§.#.≈≈#
##≈.#.###^..#.≈##
##.#.###...#.##
##≈.#...©!§.#.≈##
#≈≈.#########.≈≈#
##≈...........≈##


There were no monsters in sight!

Vanquished Creatures
  A boulder beetle (D:11)
  3 two-headed ogres
  An orange crystal statue (Gauntlet)
  2 orc knights (Bailey)
  2 moths of wrath (Gauntlet)
  An unseen horror (D:10)
  Maggie (D:6)
  2 hornets (D:9)
  Sigmund (D:6)
  3 wyverns
  9 yaks
  Eustachio (D:4)
  3 steam dragons
  2 redbacks (Gauntlet)
  A vampire mosquito (D:10)
  4 swamp worms (Gauntlet)
  3 acid dragons
  2 water moccasins
  12 orc warriors
  3 ice beasts
  An ogre (D:5)
  3 wolves (Gauntlet)
  2 centaurs
  4 bullfrogs
  2 scorpions (D:7)
  4 wights
  11 killer bees
  3 jellies
  An electric eel (D:6)
  3 bombardier beetles
  A hound (D:4)
  2 gnoll boudas
  An orc priest (D:6)
  6 iguanas
  4 sleepcaps
  Ijyb (D:5)
  9 orc wizards
  10 adders
  21 gnolls
  A shadow imp (D:7)
  A white imp (D:3)
  4 ufetubi
  3 ribbon worms
  A dart slug (D:3)
  47 orcs
  7 endoplasms
  A giant cockroach (D:1)
  12 goblins
  4 hobgoblins
  4 jackals (D:2)
  3 quokkas
  5 ball pythons
  5 bats
  6 frilled lizards
  2 kobolds
  5 rats
257 creatures vanquished.

Vanquished Creatures (others)
  An iguana (D:4)
1 creature vanquished.

Grand Total: 258 creatures vanquished

Notes
Turn   | Place    | Note
-------+----------+-------------------------------------------
     0 | D:1      | Implojin the Demigod Wanderer began the quest for the Orb.
     0 | D:1      | Implojin set off with the following items: a +0 dagger, 2
                  | scrolls of teleportation, a +0 robe, a +0 buckler of
                  | protection; and the following spell memorised: Freeze; and
                  | the following spells available to memorise: Hailstorm.
     0 | D:1      | Reached XP level 1. HP: 18/18 MP: 4/4
    87 | D:1      | Reached skill level 1 in Short Blades
   229 | D:1      | Reached XP level 2. HP: 11/25 MP: 0/5
  1041 | D:2      | You fall into a shaft and drop 2 floors!
  1041 | D:4      | Found Ycwixumo's Magic Scroll Boutique.
  1050 | D:4      | Noticed a water elemental
  1078 | D:4      | Reached XP level 3. HP: 27/30 MP: 0/6
  1083 | D:4      | Noticed an earth elemental
  1250 | D:3      | Reached skill level 1 in Maces & Flails
  2091 | D:3      | HP: 1/30 [burnt (5)]
  2264 | D:3      | Reached XP level 4. HP: 37/37 MP: 8/8
  2884 | D:3      | Reached XP level 5. HP: 35/42 MP: 9/9
  3514 | D:4      | Found a staircase to the Ecumenical Temple.
  3717 | D:4      | Found Pinoox's Weapon Shop.
  3873 | D:4      | Reached XP level 6. HP: 25/50 MP: 10/10
  4024 | D:4      | Reached skill level 5 in Maces & Flails
  4184 | D:4      | Found Sujo's Weapon Emporium.
  4195 | D:4      | Identified a scroll of acquirement
  4195 | D:4      | Acquired 337 gold pieces
  4278 | D:4      | Noticed an air elemental
  4278 | D:4      | Noticed a fire elemental
  4438 | D:4      | Found Lots's Antique Weapon Boutique.
  4468 | D:4      | Noticed a profane servitor
  4668 | D:4      | Found Lots's Antique Weapon Boutique.
  4743 | D:4      | Found Pinoox's Weapon Shop.
  4772 | D:4      | Found a staircase to the Ecumenical Temple.
  4813 | D:4      | Found Sujo's Weapon Emporium.
  4873 | D:4      | Noticed an angel
  4892 | D:5      | Entered Level 5 of the Dungeon
  4924 | D:5      | Noticed Ijyb
  4926 | D:5      | Gained mutation: You sometimes lose your temper in combat.
                  | [potion of mutation]
  4944 | D:5      | Killed Ijyb
  5090 | D:5      | Noticed Eustachio
  5553 | D:4      | Killed Eustachio
  5706 | D:5      | Reached XP level 7. HP: 56/56 MP: 11/11
  7054 | D:6      | Noticed Sigmund
  7163 | D:6      | Killed Sigmund
  7164 | D:6      | Reached XP level 8. HP: 58/66 MP: 12/12
  7344 | D:6      | Noticed Maggie
  7357 | D:6      | Killed Maggie
  7655 | D:6      | Found a transporter.
  7659 | D:6      | Noticed zenocrate's ghost (novice VSEn)
  7736 | D:6      | Found a transporter.
  8125 | D:7      | Noticed Jeremiah
  8257 | D:7      | Reached skill level 1 in Throwing
  8567 | D:7      | Reached skill level 1 in Armour
  8567 | D:7      | Reached XP level 9. HP: 71/71 MP: 13/13
  9501 | D:8      | Reached skill level 5 in Armour
  9639 | D:8      | Noticed a deep elf pyromancer
  9675 | D:8      | Reached skill level 1 in Dodging
 10386 | D:9      | Noticed a two-headed ogre
 10505 | D:9      | Killed a two-headed ogre
 10506 | D:9      | Reached skill level 5 in Dodging
 10506 | D:9      | Reached XP level 10. HP: 78/78 MP: 14/14
 10694 | D:9      | Noticed a two-headed ogre
 10865 | D:9      | Reached skill level 1 in Axes
 10963 | D:9      | Killed a two-headed ogre
 11103 | D:9      | Noticed Psyche
 11177 | D:10     | Entered Level 10 of the Dungeon
 11189 | D:9      | Reached skill level 5 in Axes
 11352 | D:10     | Found a staircase to the Lair.
 11392 | D:10     | Found a flagged portal.
 11412 | Bailey   | Entered a bailey
 11608 | Bailey   | Noticed an orc knight
 11645 | Bailey   | Killed an orc knight
 11659 | Bailey   | Noticed an orc knight
 11674 | Bailey   | Killed an orc knight
 11704 | Bailey   | Reached XP level 11. HP: 40/84 MP: 15/15
 11981 | Bailey   | Reached XP level 12. HP: 104/104 MP: 16/16
 12454 | D:4      | Bought the +8 mithril axe "Arga" {speed, Will+} for 904
                  | gold pieces
 12454 | D:4      | Found the +8 mithril axe "Arga" {speed, Will+}
 13190 | D:11     | Noticed a boulder beetle
 13212 | D:11     | Killed a boulder beetle
 13244 | D:11     | Found a gate leading to a gauntlet.
 13275 | Gauntlet | Entered a Gauntlet
 13275 | Gauntlet | Found a transporter.
 13282 | Gauntlet | Found a transporter.
 13285 | Gauntlet | Found a transporter.
 13286 | Gauntlet | Found a transporter.
 13297 | Gauntlet | Found a transporter.
 13298 | Gauntlet | Found a transporter.
 13308 | Gauntlet | Found a transporter.
 13310 | Gauntlet | Found a transporter.
 13311 | Gauntlet | Found a transporter.
 13320 | Gauntlet | Found a transporter.
 13322 | Gauntlet | Found a transporter.
 13323 | Gauntlet | Found a transporter.
 13331 | Gauntlet | Found a transporter.
 13387 | Gauntlet | Found a transporter.
 13598 | Gauntlet | :asdfgg
 13598 | Gauntlet | :rip
 13598 | Gauntlet | :i dont think that walking away to try to drop zerk earlier
                  | helps here
 13598 | Gauntlet | :oh well
 13601 | Gauntlet | HP: 3/156 [poisoned by a redback]
 13602 | Gauntlet | F
 13602 | Gauntlet | Succumbed to a redback's poison

Illustrated notes ##≈.##.#©#.##.≈## #≈≈.#########.≈≈# ##≈....#©..8#.≈## ##..8.#...©#.## ##≈....#©..8#.≈## #≈≈.#########.≈≈# ##≈.#.......#.≈## ##.#.#y.##.#.## ##≈.#.ss@##.#.≈## #≈≈.#.###.^.#.≈≈# ##≈.#.###^..#.≈## ##.#.###...#.## ##≈.#...©!?.#.≈## #≈≈.#########.≈≈# ##≈...........≈## ##...........## #≈...........≈# Turn 13598 on Gauntlet: :asdfgg

##≈.##.#.#.##.≈##
##.#.#.#.#.#.##
##≈.##.#©#.##.≈##
#≈≈.#########.≈≈#
##≈....#©..8#.≈##
##..8.#...©#.##
##≈....#©..8#.≈##
#≈≈.#########.≈≈#
##≈.#.....@.#.≈##
##.#.#..##.#.##
##≈.#..†§##.#.≈##
#≈≈.#.###.§.#.≈≈#
##≈.#.###^..#.≈##
##.#.###...#.##
##≈.#...©!§.#.≈##
#≈≈.#########.≈≈#
##≈...........≈##


Turn 13602 on Gauntlet: F

Levels and vault maps discovered:
D:1:      elethiomel_arrival_shortcut, layout_rooms,
          shapermc_ecumenical_altar_mp_ritualfount
D:2:      layout_basic, st_stairs_4
D:3:      layout_basic
D:4:      layout_cave_pools, grunt_temple_overflow_holy_war,
          nicolae_qazlal_style_of_elements, minmay_temple_entry_junction_2,
          serial_shops, kennysheep_mini_moat, nicolae_shop_scrapyard,
          nicolae_shop_tiny_statue_garden, nicolae_shop_tiny_real_fake_doors
D:5:      layout_gridville, gammafunk_temple_overflow_claw,
          eino_small_chamber_without_monster, uniq_ijyb, uniq_eustachio
D:6:      layout_loops_ring, gammafunk_ghost_stat_death, serial_bayou_lagoon_a,
          uniq_sigmund, uniq_maggie
D:7:      layout_loops_ring, minmay_misc_feat_four_crosses, minmay_misc_feat_x,
          minmay_liquid_box, uniq_jeremiah
D:8:      layout_cave_pools, zin_statuary
D:9:      layout_basic, uniq_psyche
D:10:     minmay_general_purpose_star, layout_loops_corners, enter_bailey_3
D:11:     layout_stronghold, orc_0_dummy, gauntlet_entry_generic, uniq_snorg
Gauntlet: gammafunk_gauntlet_77_escape_option
          [minmay_gauntlet_arena_77_squiggly,
          minmay_gauntlet_arena_77_radiant_squares,
          minmay_gauntlet_arena_77_mess, minmay_gauntlet_arena_77_checkered,
          minmay_gauntlet_arena_77_block_sizes,
          nicolae_gauntlet_exit_dead_adventurers]

Skill      XL: |  1  2  3  4  5  6  7  8  9 10 11 12 |
---------------+-------------------------------------+-----
Short Blades   | 1 2 |  2.6
Maces & Flails | 2 3 4 6 8 |  8.0
Fighting       | 4 9 |  9.1
Stealth        | 2 4 |  4.0
Evocations     | 4 |  4.0
Throwing       | 3 |  3.0
Armour         | 1 6 |  6.0
Dodging        | 5 6 |  6.0
Axes           | 7 9 |  9.9
Shields        | |  4.5
Spellcasting   | |  1.0
Ice Magic      | |  1.0

Action                     |  1- 3 |  4- 6 |  7- 9 | 10-12 || total
---------------------------+-------+-------+-------+-------++-------
  Melee: Dagger            |    78 |       |       |       ||    78
         Mace              |    11 |   245 |   414 |       ||   670
         Short sword       |     9 |       |       |       ||     9
         Flail             |       |       |    95 |   232 ||   327
         Broad axe         |       |       |       |    74 ||    74
  Throw: Boomerang         |    19 |    27 |    50 |    28 ||   124
         Dart              |     6 |     7 |    17 |    19 ||    49
         Throwing net      |       |       |       |     1 ||     1
   Cast: Freeze            |    69 |       |       |       ||    69
  Evoke: Wand              |       |     3 |    20 |     1 ||    24
    Use: Potion            |     2 |     3 |       |     7 ||    12
         Scroll            |     5 |     5 |    10 |     5 ||    25
   Stab: Invisible         |       |       |     1 |    11 ||    12
         Sleeping          |       |       |     1 |     1 ||     2
         Paralysed         |       |       |     5 |       ||     5
         Distracted        |       |       |       |     2 ||     2
         Held in net/web   |       |       |       |     1 ||     1
 Armour: Skin              |    39 |       |       |       ||    39
         Robe              |    71 |       |       |       ||    71
         Ring mail         |    11 |    56 |   152 |       ||   219
         Scale mail        |       |   119 |       |       ||   119
         Swamp dragon scal |       |       |   159 |   122 ||   281
         Crystal plate arm |       |       |       |    22 ||    22
  Dodge: Dodged            |    67 |   102 |   209 |   119 ||   497
  Block: Buckler           |    46 |    50 |   167 |   132 ||   395
         Reflection        |       |       |     3 |       ||     3
         Kite shield       |       |       |       |    32 ||    32

Table legend: (Time is in decaauts)
 A = Elapsed time spent in this place.
 B = Non-inter-level travel time spent in this place.
 C = Inter-level travel time spent in this place.
 D = Time resting spent in this place.
 E = Time spent auto-exploring this place.
 F = Levels seen in this place.
 G = Mean time per level.
                   A        B        C        D        E       F      G
               +--------+--------+--------+--------+--------+-----+--------+
         Total |  13965 |  13201 |    764 |   1491 |   7288 |  13 | 1074.2 |
       Dungeon |  13061 |  12297 |    764 |   1324 |   7214 |  11 | 1187.4 |
        Bailey |    576 |    576 |      0 |    120 |     66 |   1 |  576.0 |
      Gauntlet |    327 |    327 |      0 |     47 |      8 |   1 |  327.0 |
               +--------+--------+--------+--------+--------+-----+--------+

Top non-repeatable levels by time:
     D:3: 1940 daAuts
     D:4: 1880 daAuts
     D:5: 1688 daAuts
     D:7: 1274 daAuts
     D:6: 1215 daAuts
    D:10: 1156 daAuts
     D:9: 1140 daAuts
     D:8: 974 daAuts
     D:1: 903 daAuts
     D:2: 800 daAuts
  Bailey: 576 daAuts
Gauntlet: 327 daAuts
    D:11: 85 daAuts
